 Dungeon Crawl Stone Soup version 0.22-a0-280-g69bf1f3 (webtiles) character file.

603 mortelune the Chiller (level 7, -1/46 HPs)
             Began as a Demonspawn Ice Elementalist on Mar 16, 2018.
             Was an Initiate of Ashenzari.
             Slain by an ice beast (14 damage)
             ... on level 5 of the Dungeon.
             The game lasted 00:35:58 (6820 turns).

mortelune the Chiller (Demonspawn Ice Elementalist) Turns: 6820, Time: 00:35:59

Health: -1/46      AC:  9    Str:  8    XL:     7   Next: 18%
Magic:  8/14       EV: 12    Int: 18    God:    Ashenzari [......]
Gold:   256        SH:  0    Dex: 14    Spells: 2/16 levels left

rFire    . . .     SeeInvis .   e - +0 mace
rCold    . . .     Gourm    .   (no shield)
rNeg     . . .     Faith    .   a - +0 robe
rPois    .         Spirit   .   (no helmet)
rElec    .         Reflect  .   b - +0 cloak
rCorr    .         Harm     .   (no gloves)
MR       .....                  (no boots)
Stlth    ++........             (no amulet)
HPRegen  0.15/turn              s - +4 ring of slaying
MPRegen  0.14/turn              (no ring)

@: icy armour, slow
A: demonic guardian 2
a: Curse Item, Renounce Religion


You were on level 5 of the Dungeon.
You worshipped Ashenzari.
Ashenzari was noncommittal.
You were very hungry.

You visited 1 branch of the dungeon, and saw 5 of its levels.
You also visited: Ossuary.

You collected 256 gold pieces.

Inventory:

Hand Weapons
 d - a +0 club
 e - a +0 mace (weapon)
Armour
 a - a +0 robe (worn)
 b - a +0 cloak (worn)
 j - a +0 shield
Jewellery
 s - a +4 ring of slaying (left hand)
Wands
 r - a wand of clouds (5)
Scrolls
 f - a scroll of enchant armour
 h - a scroll of identify
 i - a scroll of random uselessness
 k - a scroll of fear
 l - 2 scrolls of teleportation
 n - a scroll of blinking
Potions
 g - 2 potions of agility
 m - a potion of heal wounds
 o - a potion of mutation {unknown}
 p - 2 potions of curing
 q - a potion of brilliance
Comestibles
 c - 4 rations


   Skills:
 - Level 2.0 Dodging
 - Level 1.7 Stealth
 + Level 5.3 Spellcasting
 - Level 1.0 Conjurations
 + Level 5.6 Ice Magic


You had 2 spell levels left.
You knew the following spells:

 Your Spells              Type           Power        Failure   Level  Hunger
a - Freeze                Ice            ####         1%          1    None
b - Throw Frost           Conj/Ice       ###...       4%          2    #......
c - Ozocubu's Armour      Chrm/Ice       ##......     12%         3    ##.....
d - Summon Ice Beast      Ice/Summ       ##......     38%         4    ####...
e - Throw Icicle          Conj/Ice       ###.....     32%         4    ####...


Dungeon Overview and Level Annotations

Branches:
Dungeon (5/15)             Temple (0/1) D:5

Altars:
Ashenzari
Elyvilon
Makhleb
Nemelex Xobeh
Okawaru
Ru
Vehumet
Wu Jian
Xom
Yredelemnul
Zin

Annotations:
D:2 exclusion: ogre


Innate Abilities, Weirdness & Mutations

A demonic guardian rushes to your aid.


Message History

Your ice beast hits the ice beast.
Your ice beast freezes the ice beast.
The ice beast completely resists.
The ice beast hits you. The ice beast freezes you!
You hit the ice beast but do no damage.
The ice beast is lightly wounded.
Your ice beast hits the ice beast but does no damage.
The ice beast barely misses you.
You hit the ice beast.
The ice beast is moderately wounded.
Your ice beast hits the ice beast but does no damage.
The ice beast closely misses you.
Your ice beast hits the ice beast.
Your ice beast freezes the ice beast.
The ice beast completely resists.
You hit the ice beast.
The ice beast is moderately wounded.
The ice beast hits you but does no damage.
Your ice beast hits the ice beast.
Your ice beast freezes the ice beast.
The ice beast completely resists.
The ice beast hits you.
* * * LOW HITPOINT WARNING * * *
The ice beast freezes you!
You die...

..##.........###
................
.............#.#
.............#.# ##
#####..######.# #.
..##.# #.. #Y #.##.#
#.. ###Y#####.##.##
#..
#...@...#.##..#####..
#.#.#.###.###.##.....
#.#.....###..#.....
#.####.......#.....
#.####.#####.......
#..........#.....#.
#####.###.##.....##
#.# #..(.......
##.######.#...#.


You could see an ice beast and a friendly ice beast.

Vanquished Creatures
  An ogre (D:5)
  2 crimson imps (D:5)
  A hound (D:5)
  A centaur skeleton (D:4)
  2 orc wizards
  An iguana (D:4)
  Natasha (twice) (D:3)
  A worker ant (D:5)
  6 adders
  4 gnolls
  A shadow imp (D:5)
  An adder skeleton (D:4)
  A worm (D:3)
  A dart slug (D:4)
  A leopard gecko (D:5)
  8 orcs
  3 ball pythons
  3 giant cockroaches
  8 goblins
  11 hobgoblins
  6 jackals
  5 kobolds
  3 quokkas
  6 bats
  5 frilled lizards
  A leopard gecko skeleton (D:4)
  8 rats
93 creatures vanquished.

Vanquished Creatures (collateral kills)
  A phantom (D:5)
  An adder (D:3)
  An ooze (D:1)
  An orc (D:3)
  A bat (D:1)
  A goblin (D:1)
  A kobold (D:1)
7 creatures vanquished.

Grand Total: 100 creatures vanquished

Notes
Turn   | Place    | Note
-------+----------+-------------------------------------------
     0 | D:1      | mortelune the Demonspawn Ice Elementalist began the quest for the Orb.
     0 | D:1      | Reached XP level 1. HP: 13/13 MP: 3/3
   178 | D:1      | Gained mutation: A weak demonic guardian rushes to your aid. [demonic ancestry]
   178 | D:1      | Reached XP level 2. HP: 9/19 MP: 0/5
   347 | D:1      | Learned a level 2 spell: Throw Frost
  1070 | D:1      | Reached XP level 3. HP: 24/24 MP: 2/7
  1387 | D:1      | Learned a level 3 spell: Ozocubu's Armour
  1693 | D:2      | Noticed an ogre
  1876 | D:2      | Found an iron altar of Okawaru.
  2783 | D:3      | Reached XP level 4. HP: 23/30 MP: 0/8
  3611 | D:3      | Found a sparkling altar of Nemelex Xobeh.
  3767 | D:3      | Found a sacrificial altar of Ru.
  3780 | D:3      | Reached XP level 5. HP: 35/35 MP: 2/10
  3882 | D:3      | Noticed Natasha
  3885 | D:3      | Killed Natasha
  4030 | D:3      | Noticed Natasha
  4038 | D:3      | Killed Natasha
  4203 | D:2      | Learned a level 4 spell: Summon Ice Beast
  4237 | D:3      | Found a basalt altar of Yredelemnul.
  4243 | D:3      | Found a shimmering altar of Xom.
  4245 | D:3      | Found a shattered altar of Ashenzari.
  4247 | D:3      | Found a white marble altar of Elyvilon.
  4253 | D:3      | Found an ornate altar of the Wu Jian Council.
  4264 | D:3      | Became a worshipper of Ashenzari the Shackled
  4977 | D:4      | Reached XP level 6. HP: 41/41 MP: 1/12
  5274 | D:4      | Found a radiant altar of Vehumet.
  5581 | D:5      | Entered Level 5 of the Dungeon
  5597 | D:5      | Found a sand-covered staircase.
  5602 | Ossuary  | Entered an ossuary
  5602 | Ossuary  | Noticed a wraith
  5602 | Ossuary  | Noticed a wraith
  5602 | Ossuary  | Noticed a wraith
  5613 | Ossuary  | Noticed a soul eater
  5834 | D:5      | Reached skill level 5 in Ice Magic
  5898 | D:5      | Learned a level 4 spell: Throw Icicle
  6156 | D:5      | Found a staircase to the Ecumenical Temple.
  6194 | D:5      | Reached skill level 5 in Spellcasting
  6459 | D:5      | Gained mutation: A demonic guardian rushes to your aid. [demonic ancestry]
  6459 | D:5      | Reached XP level 7. HP: 46/46 MP: 11/14
  6593 | D:5      | Found a burning altar of Makhleb.
  6597 | D:5      | Found a glowing silver altar of Zin.
  6597 | D:5      | Noticed an angel
  6597 | D:5      | Noticed a cacodemon
  6820 | D:5      | Slain by an ice beast

Vault maps used:
D:1:      lightli_arrival_quake, hangedman_abyss_or_decor_lesser_grid,
          minmay_hexomino_c4
D:2:      kennysheep_big_flooded_room, overflow_temple_1_default
D:3:      kb_forest_paths, lemuel_round_altar, minitemple,
          nicolae_ru_great_annihilating_truth, uniq_natasha
D:4:      marbit_many_paths
D:5:      grunt_temple_overflow_order_and_chaos_2, overflow_temple_1_default,
          temple_fountains, nicolae_ossuary_entry_ruins, serial_shops, shop,
          first_ration, kennysheep_generic_room_14
Ossuary:  ossuary_due_mausoleum

Skill      XL: |  1  2  3  4  5  6 |
---------------+-------------------+-----
Dodging        | 2 |  2.0
Ice Magic      | 3 4 5 |  5.6
Spellcasting   | 3 4 5 |  5.3
Stealth        | |  1.7
Conjurations   | |  1.0

Action                   |  1- 3 |  4- 6 |  7- 9 || total
-------------------------+-------+-------+-------++-------
Melee: Club              |    17 |     6 |       ||    23
       Mace              |       |    36 |     4 ||    40
 Cast: Freeze            |    31 |    38 |     4 ||    73
       Throw Frost       |    30 |    62 |     9 ||   101
       Ozocubu's Armour  |       |     6 |     1 ||     7
       Summon Ice Beast  |       |       |     1 ||     1
  Use: Potion            |     1 |       |       ||     1
       Scroll            |     3 |     6 |       ||     9
 Stab: Distracted        |       |     1 |       ||     1
  Eat: Chunk             |     8 |    14 |       ||    22
Armor: Robe              |     9 |     9 |     2 ||    20
Dodge: Dodged            |    36 |    47 |     3 ||    86

Table legend:
 A = Spawn XP
 B = Non-spawn XP
 C = Spawn XP percentage of total XP
 D = Spawn monster count
 E = Non-spawn monster count
 F = Spawn count percentage of total count
 G = Total turns spent on level
                    A         B        C        D         E        F      G
               +---------+---------+-------+---------+---------+-------+---------
         Total |       0 |     862 |   0.0 |       0 |     100 |   0.0 |  6820
               +---------+---------+-------+---------+---------+-------+---------
           D:1 |       0 |      59 |   0.0 |       0 |      30 |   0.0 |  1648
           D:2 |       0 |      10 |   0.0 |       0 |       6 |   0.0 |  1106
           D:3 |       0 |     212 |   0.0 |       0 |      35 |   0.0 |  1787
           D:4 |       0 |     163 |   0.0 |       0 |      16 |   0.0 |  1040
           D:5 |       0 |     418 |   0.0 |       0 |      13 |   0.0 |  1221
               +---------+---------+-------+---------+---------+-------+---------
